 Dungeon Crawl Stone Soup version 0.29.1-15-g9cfb28693d (webtiles) character file.

Game seed: 17309147191583763719

136697 Smoke131 the Deadly Accurate (level 17, -10/184 HPs)
             Began as an Ogre Gladiator on Apr 12, 2023.
             Was the Champion of Okawaru.
             Killed from afar by a nagaraja (17 damage)
             ... with a poison arrow
             ... on level 2 of the Snake Pit on Apr 13, 2023.
             The game lasted 01:46:14 (39769 turns).

Smoke131 the Deadly Accurate (Ogre Gladiator)      Turns: 39769, Time: 01:46:15

Health: -10/184    AC: 26    Str: 28    XL:     17   Next: 22%
Magic:  24/24      EV:  7    Int:  5    God:    Okawaru [******]
Gold:   3298       SH: 29    Dex: 10    Spells: 16/16 levels left

rFire   . . .      SeeInvis .   r - +9 trident (vamp)
rCold   + + .      Faith    .   b - +10 tower shield of Ignorance {rN+ Int-4}
rNeg    + . .      Spirit   .   S - +0 ice dragon scales
rPois   +          Reflect  +   z - +2 hat
rElec   .          Harm     .   x - +1 cloak of Mezcal {rPois rF+}
rCorr   .          Rampage  .   (gloves unavailable)
Will    +....      Clarity  +   (boots unavailable)
Stlth   .......... NoTele   +   j - amulet of reflection
HPRegen 0.40/turn               a - +4 ring of protection
MPRegen 0.19/turn               o - +4 ring of evasion

@: lethally poisoned (-10 -> -20), untranslocatable, slowed, constricted,
studying Ice Magic, very slow
A: large, unfitting armour, tough skin 1, iridescent scales 1, clarity, subdued
magic 1, noise suppression
a: Renounce Religion, Heroism, Finesse, Duel


You were on level 2 of the Snake Pit.
You worshipped Okawaru.
Okawaru was exalted by your worship.
You visited 5 branches of the dungeon, and saw 25 of its levels.
You also visited: Gauntlet and Ice Cave.

You collected 3548 gold pieces.
You spent 250 gold pieces at shops.

Inventory:

Hand Weapons
 r - a +9 vampiric trident (weapon)
Missiles
 d - 8 throwing nets
 l - 4 curare-tipped darts
 p - 5 boomerangs of dispersal
 v - 37 large rocks (quivered)
 A - 9 javelins
 M - 10 boomerangs
 N - 6 silver javelins
 U - 2 atropa-tipped darts
Armour
 b - the +10 tower shield of Ignorance (worn) {rN+ Int-4}
   (Okawaru gifted it to you on level 2 of the Orcish Mines)

   Int:       It affects your intelligence (-4).
   rN:        It protects you from negative energy.
 x - the +1 cloak of Mezcal (worn) {rPois rF+}
   (Okawaru gifted it to you on level 3 of the Lair of Beasts)

   rF:        It protects you from fire.
   rPois:     It protects you from poison.
 z - a +2 hat (worn)
 S - +0 ice dragon scales (worn)
Jewellery
 a - a +4 ring of protection (left hand)
 j - an amulet of reflection (around neck)
 m - a ring of poison resistance
 o - a +4 ring of evasion (right hand)
 B - a ring of protection from fire
 F - a ring of resist corrosion
 I - the ring "Foarhapporgh" {rC+ Str+2 Int-4 Stlth+}
   (You found it in a Gauntlet)

   [ring of protection from cold]

   Str:       It affects your strength (+2).
   Int:       It affects your intelligence (-4).
   rC:        It protects you from cold.
   Stlth:     It makes you more stealthy.
 Q - a ring of flight
Wands
 h - a wand of iceblast (6)
 i - a wand of paralysis (27)
 s - a wand of polymorph (8)
 y - a wand of flame (29)
 G - a wand of digging (13)
 J - a wand of mindburst (2)
Scrolls
 f - 4 scrolls of blinking
 k - 3 scrolls of poison
 w - 4 scrolls of identify
 E - 3 scrolls of enchant weapon
 H - 2 scrolls of teleportation
 L - 3 scrolls of silence
 O - a scroll of fear
 R - a scroll of magic mapping
Potions
 e - 4 potions of ambrosia
 g - 4 potions of attraction
 n - 6 potions of curing
 q - 2 potions of berserk rage
 t - 3 potions of haste
 u - 2 potions of magic
 C - a potion of invisibility
 D - 3 potions of resistance
 K - 7 potions of lignification
 T - a potion of flight
Miscellaneous
 P - a tin of tremorstones (2/2)


   Skills:
 - Level 15.0 Fighting
 - Level 14.0 Polearms
 + Level 15.2 Throwing
 + Level 13.9 Armour
 - Level 3.0 Dodging
 + Level 8.4 Shields
 - Level 10.0 Invocations


You had 16 spell levels left.
You didn't know any spells.
Your spell library contained the following spells:

 Spells                   Type           Power      Damage    Failure   Level
 Beastly Appendage        Tmut           0%         N/A       99%         1
 Foxfire                  Conj/Fire      0%         2x1d4     99%         1
 Freeze                   Ice            0%         1d3       99%         1
 Sandblast                Erth           0%         2d4       99%         1
 Shock                    Conj/Air       0%         1d3       99%         1
 Passwall                 Tmut/Erth      0%         N/A       100%        2
 Wereblood                Tmut           0%         N/A       100%        2
 Conjure Flame            Conj/Fire      0%         6-21      100%        3
 Frozen Ramparts          Ice            0%         1d1       100%        3
 Inner Flame              Hex/Fire       0%         N/A       100%        3
 Ozocubu's Armour         Ice            0%         N/A       100%        3
 Portal Projectile        Hex/Tloc       0%         N/A       100%        3
 Spider Form              Tmut/Pois      0%         N/A       100%        3
 Stone Arrow              Conj/Erth      0%         3d7       100%        3
 Swiftness                Air            0%         N/A       100%        3
 Airstrike                Air            0%         2d(0-16)  100%        4
 Anguish                  Hex/Necr       0%         N/A       100%        4
 Corpse Rot               Necr/Pois/Air  0%         N/A       100%        4
 Dispel Undead            Necr           0%         3d6       100%        4
 Flame Wave               Conj/Fire      0%         2d4       100%        4
 Hailstorm                Conj/Ice       0%         3d3       100%        4
 Passage of Golubria      Tloc           0%         N/A       100%        4
 Alistair's Intoxication  Tmut/Pois      0%         N/A       100%        5
 Blade Hands              Tmut           0%         N/A       100%        5
 Borgnjor's Vile Clutch   Necr/Erth      0%         N/A       100%        5
 Fireball                 Conj/Fire      0%         3d3       100%        5
 Lightning Bolt           Conj/Air       0%         1d11      100%        5
 Silence                  Hex/Air        0%         N/A       100%        5
 Eringya's Noxious Bog    Tmut/Pois      0%         N/A       100%        6
 Starburst                Conj/Fire      0%         6d3       100%        6
 Enfeeble                 Hex            0%         N/A       100%        7
 Ozocubu's Refrigeration  Ice            0%         4d7       100%        7
 Ignition                 Fire           0%         3d3       100%        8
 Lehudib's Crystal Spear  Conj/Erth      0%         10d2      100%        8
 Tukima's Dance           Hex            Unusable   N/A       N/A         3
 Summon Lightning Spire   Summ/Air       Unusable   N/A       N/A         4
 Death Channel            Necr           Unusable   N/A       N/A         6

Dungeon Overview and Level Annotations

Branches:
Dungeon (15/15)            Temple (1/1) D:7            Lair (5/5) D:8
 Shoals (0/4) Lair:2        Snake (2/4) Lair:3        Slime (0/5) Lair:5
    Orc (2/2) D:12            Elf (0/3) Orc:2        Vaults (0/5) D:14
 Depths (0/4) D:15          IceCv (visited)         Gauntlet (visited)

Altars:
Ashenzari
Cheibriados
Dithmenos
Elyvilon
Fedhas
Gozag
Hepliaklqana
Kikubaaqudgha
Makhleb
Nemelex Xobeh
Okawaru
Qazlal
Ru
Sif Muna
Trog
Uskayaw
Vehumet
Wu Jian
Xom
Yredelemnul
Zin
The Shining One

Shops:
D:4 *   D:9 !   D:11 ?   Orc:2 ([[*=


Innate Abilities, Weirdness & Mutations

You are too large for most types of armour.
You have tough skin. (AC +1)
You are partially covered in iridescent scales. (AC +2)
You possess an exceptional clarity of mind.
Your spells are a little easier to cast, but a little less powerful.
You passively dampen the noise of your surroundings.


Message History

* * * LOW HITPOINT WARNING * * *
The naga sharpshooter shoots a bolt.
The bolt hits you.
* * * LOW HITPOINT WARNING * * *
You block the salamander's attack. The nagaraja spits poison at you.
The splash of poison reflects off an invisible shield around you!
The splash of poison hits the nagaraja.
The nagaraja constricts you.
The naga sharpshooter shoots a bolt.
You reflect the bolt off an invisible shield around you!
The bolt hits the naga sharpshooter!!
The salamander hits you from afar with a +0 halberd!
* * * LOW HITPOINT WARNING * * *
You are engulfed in flames!
* * * LOW HITPOINT WARNING * * *
You puncture the nagaraja!
The nagaraja is almost dead.
You feel sick. The nagaraja casts a spell at you.
You feel firmly anchored in space. The nagaraja constricts you.
* * * LOW HITPOINT WARNING * * *
The nagaraja casts a spell at you.
You struggle to resist.
The nagaraja constricts you.
* * * LOW HITPOINT WARNING * * *
The naga sharpshooter shoots a bolt.
You reflect the bolt off an invisible shield around you!
The bolt hits the naga sharpshooter!
You block the salamander's attack.
You feel better.
The nagaraja hits you but does no damage.
You are electrocuted!!
* * * LOW HITPOINT WARNING * * *
The nagaraja constricts you.
* * * LOW HITPOINT WARNING * * *
The naga sharpshooter spits poison at you.
The splash of poison reflects off an invisible shield around you!
The splash of poison hits the naga sharpshooter.
The nagaraja casts a spell at you. The poison arrow hits you!
You are lethally poisoned!
You partially resist.
You die...

...##.......##......#
#####.......##......#
#####.......##......#
...##.......##......#
...##........'......#
...##.......##......#
...'........##......#
...##.......##......#
...##.......##..@)..#
...##.......##..N)......
...##.......##....N.....
...##.....[.##....N.....
...##.......##..........
...##.......##........?.
...##.......##..........
...##.......##..........
...##.......#


You could see a nagaraja (fast, poisoned, catching breath), a naga sharpshooter
(catching breath) and a salamander.

Vanquished Creatures
  Jorgrun (Orc:1)
  Rupert (D:12)
  Gastronok (Lair:1)
  A reaper (IceCv)
  Nessos (D:13)
  Azrael (D:13)
  A minotaur (Gauntlet)
  Snorg (Orc:2)
  3 fire dragons
  The ghost of sargonster the Spear-Bearer, a journeyman HOBe of Trog (Snake:1)
  3 boulder beetles
  4 vault guards (D:14)
  An ice dragon (D:15)
  9 hydras
  3 ogre magi
  10 centaur warriors
  2 death knights
  11 two-headed ogres
  The ghost of Steelrune the Carver, a novice HOFi of Beogh (D:9)
  8 anacondas
  5 naga warriors
  7 death yaks
  7 naga sharpshooters
  A shock serpent (shapeshifter) (D:12)
  2 shock serpents (Snake:1)
  A fire crab (Gauntlet)
  3 sea snakes (Snake:1)
  2 deep trolls (Orc:2)
  A swamp dragon (Lair:5)
  A skeletal warrior (D:8)
  2 phantasmal warriors (D:13)
  3 orc knights
  A wolf spider (Lair:2)
  12 ugly things
  2 necromancers
  5 mana vipers
  4 deep elf pyromancers
  5 cyclopes
  2 orc sorcerers
  A manticore (D:12)
  2 oklob plants (Lair:5)
  8 salamanders
  5 guardian serpents (Snake:1)
  20 black mambas
  8 naga magi
  Joseph (D:7)
  Maurice (D:11)
  A smoke demon (Gauntlet)
  2 ice statues (IceCv)
  2 gargoyles
  9 cane toads
  2 efreet
  9 komodo dragons
  A rime drake (Lair:5)
  An unseen horror (D:13)
  4 kobold demonologists
  4 anaconda simulacra (IceCv)
  2 freezing wraiths (D:14)
  8 ice devils (IceCv)
  11 trolls
  A merfolk (Lair:2)
  A hornet (Lair:2)
  Grinder (D:3)
  7 blink frogs
  A wolf spider simulacrum (D:14)
  18 slime creatures
  3 shadows
  A dire elephant simulacrum (IceCv)
  2 wyverns
  55 yaks
  4 fire elementals (D:13)
  2 wraiths
  4 steam dragons
  3 fire bats (Gauntlet)
  5 vampire mosquitoes
  A golden eye (shapeshifter) (D:15)
  4 basilisks
  Grum (Lair:1)
  2 wargs
  Edmund (D:6)
  A harpy simulacrum (IceCv)
  32 nagas
  4 hydra simulacra (IceCv)
  An acid dragon (Lair:5)
  3 hell hounds (D:13)
  14 water moccasins
  Duvessa (D:7)
  10 orc warriors
  2 swamp drakes (Lair:5)
  4 black bears
  5 ice beasts
  21 ogres
  31 wolves
  2 phantoms
  10 centaurs
  4 kobold brigands
  5 gnoll sergeants
  12 bullfrogs
  2 scorpions
  2 necrophages
  Dowan (D:7)
  9 killer bees
  3 howler monkeys
  An electric eel (Lair:2)
  4 crimson imps (Gauntlet)
  3 hounds
  A lava snake (D:8)
  3 jellies
  6 orc priests
  A gnoll bouda (D:7)
  Crazy Yiuf (D:7)
  10 orc wizards
  9 iguanas
  Natasha (twice) (D:3)
  2 yak simulacra (D:14)
  7 polar bear simulacra
  A wolf simulacrum (D:14)
  19 adders
  17 gnolls
  A naga simulacrum (IceCv)
  16 white imps
  3 ufetubi
  2 worms
  4 dart slugs
  53 orcs
  7 endoplasms
  4 giant cockroaches
  7 goblins
  10 hobgoblins
  8 jackals
  4 quokkas
  8 ball pythons
  5 bats
  14 frilled lizards
  19 kobolds
  4 rats
  2 river rat simulacra (D:14)
786 creatures vanquished.

Vanquished Creatures (others)
  A salamander mystic (Snake:2)
  A black mamba (Snake:2)
  An acid dragon (Lair:5)
  49 fungi
  131 plants
183 creatures vanquished.

Grand Total: 969 creatures vanquished

Notes
Turn   | Place    | Note
-------+----------+-------------------------------------------
     0 | D:1      | Smoke131 the Ogre Gladiator began the quest for the Orb.
     0 | D:1      | Reached XP level 1. HP: 22/22 MP: 1/1
   203 | D:1      | Reached XP level 2. HP: 31/31 MP: 2/2
   818 | D:1      | Found a faded altar of an unknown god.
   850 | D:1      | Reached XP level 3. HP: 35/37 MP: 3/3
  1869 | D:2      | Reached XP level 4. HP: 38/48 MP: 4/4
  2141 | D:3      | Noticed a necrophage
  2146 | D:3      | Killed a necrophage
  2147 | D:3      | Reached XP level 5. HP: 32/54 MP: 5/5
  2915 | D:3      | Found a stormy altar of Qazlal.
  2959 | D:3      | Noticed Grinder
  2961 | D:3      | Gained mutation: You do not regenerate when monsters are
                  | visible. [potion of mutation]
  2961 | D:3      | Gained mutation: You have sharp toenails. [potion of
                  | mutation]
  2976 | D:3      | Killed Grinder
  2977 | D:3      | Reached skill level 5 in Fighting
  2977 | D:3      | Reached XP level 6. HP: 37/66 MP: 6/6
  3155 | D:3      | Noticed Natasha
  3178 | D:3      | Killed Natasha
  3421 | D:3      | Reached skill level 5 in Polearms
  3421 | D:3      | Reached XP level 7. HP: 69/75 MP: 7/7
  3469 | D:3      | Noticed Natasha
  3476 | D:3      | Killed Natasha
  3773 | D:3      | Identified the +2 robe "Modeas" {Will+ rCorr Str-3 Int+4}
  3875 | D:4      | Lost mutation: You do not regenerate when monsters are
                  | visible. [potion of mutation]
  3875 | D:4      | Lost mutation: You have sharp toenails. [potion of
                  | mutation]
  3875 | D:4      | Gained mutation: You are occasionally teleported next to
                  | monsters. [potion of mutation]
  3875 | D:4      | Gained mutation: Your muscles are strong. (Str +4, Int/Dex
                  | -1) [potion of mutation]
  3875 | D:4      | Gained mutation: You have hidden genetic potential. [potion
                  | of mutation]
  4030 | D:4      | Reached skill level 5 in Throwing
  4355 | D:4      | Reached XP level 8. HP: 74/87 MP: 8/8
  4423 | D:4      | You fall into a shaft and drop 1 floor!
  4423 | D:5      | Entered Level 5 of the Dungeon
  4624 | D:5      | Found a glowing silver altar of Zin.
  4643 | D:5      | Found a snail-covered altar of Cheibriados.
  4652 | D:5      | Gained mutation: Your system is resistant to poisons.
                  | (rPois) [hidden potential]
  4665 | D:5      | HP: 4/88 [acid (6)]
  5952 | D:4      | Found Keemunaxt's General Store.
  5961 | D:4      | Bought a scroll of identify for 28 gold pieces
  6211 | D:6      | Noticed Edmund
  6255 | D:6      | Killed Edmund
  6256 | D:6      | Reached XP level 9. HP: 60/97 MP: 9/9
  6449 | D:6      | Gained mutation: You are partially covered in iridescent
                  | scales. (AC +2) [hidden potential]
  6449 | D:6      | Lost mutation: You have hidden genetic potential. [hidden
                  | potential expressed]
  6742 | D:6      | Found a shimmering blue altar of Sif Muna.
  7240 | D:7      | Found a staircase to the Ecumenical Temple.
  7246 | Temple   | Entered the Ecumenical Temple
  7369 | D:7      | Reached skill level 1 in Armour
  7433 | D:7      | Found a sparkling altar of Nemelex Xobeh.
  7618 | D:7      | Noticed Joseph
  7633 | D:7      | Killed Joseph
  8216 | D:7      | Noticed Duvessa
  8223 | D:7      | Noticed Dowan
  8233 | D:7      | Killed Duvessa
  8234 | D:7      | Reached skill level 10 in Fighting
  8249 | D:7      | Killed Dowan
  8738 | D:7      | Found a runed translucent door.
  8739 | D:7      | Noticed Crazy Yiuf
  8747 | D:7      | Killed Crazy Yiuf
  8748 | D:7      | Reached XP level 10. HP: 100/110 MP: 10/10
  8874 | D:7      | Found an iron altar of Okawaru.
  8933 | D:7      | Became a worshipper of Warmaster Okawaru
  8989 | D:8      | Found a staircase to the Lair.
  9003 | D:8      | Reached skill level 1 in Invocations
  9033 | D:8      | Reached * piety under Okawaru
  9535 | D:8      | Noticed an orc sorcerer
  9537 | D:8      | Killed an orc sorcerer
  9571 | D:8      | Found a shadowy altar of Dithmenos.
 10306 | D:8      | Reached ** piety under Okawaru
 10414 | D:8      | Found a hide-covered altar of Uskayaw.
 10671 | D:9      | Noticed a two-headed ogre
 10673 | D:9      | Found Itturghi's Distillery.
 10698 | D:9      | Killed a two-headed ogre
 10707 | D:9      | Noticed a cyclops
 10721 | D:9      | Killed a cyclops
 10730 | D:9      | Noticed a centaur warrior
 10731 | D:9      | Noticed a skeletal warrior
 10733 | D:9      | Killed a centaur warrior
 10733 | D:9      | Reached *** piety under Okawaru
 10733 | D:9      | Noticed a centaur warrior
 10733 | D:9      | Noticed a kobold demonologist
 10734 | D:9      | Reached XP level 11. HP: 22/117 MP: 14/14
 11523 | D:8      | Killed a skeletal warrior
 11524 | D:8      | Reached skill level 5 in Armour
 11524 | D:8      | Reached skill level 5 in Invocations
 12017 | D:9      | Found a runed translucent gate.
 12017 | D:9      | Found a runed translucent gate.
 12017 | D:9      | Found a runed translucent gate.
 12039 | D:9      | Reached **** piety under Okawaru
 12218 | D:9      | Noticed a centaur warrior
 12234 | D:9      | Killed a centaur warrior
 12235 | D:9      | Reached skill level 10 in Polearms
 12591 | D:9      | Noticed Steelrune's ghost (novice HOFi)
 12800 | D:9      | Reached ***** piety under Okawaru
 12801 | D:9      | Reached skill level 10 in Throwing
 12825 | D:9      | Killed a centaur warrior
 12831 | D:9      | Received a gift from Okawaru
 13559 | D:10     | Entered Level 10 of the Dungeon
 14016 | D:10     | Lost mutation: You are occasionally teleported next to
                  | monsters. [potion of mutation]
 14016 | D:10     | Lost mutation: Your system is resistant to poisons. (rPois)
                  | [potion of mutation]
 14016 | D:10     | Lost mutation: Your muscles are strong. (Str +4, Int/Dex
                  | -1) [potion of mutation]
 14016 | D:10     | Gained mutation: Your spells are a little easier to cast,
                  | but a little less powerful. [potion of mutation]
 14016 | D:10     | Gained mutation: You possess an exceptional clarity of
                  | mind. [potion of mutation]
 14016 | D:10     | Gained mutation: You passively dampen the noise of your
                  | surroundings. [potion of mutation]
 14618 | D:11     | Noticed Maurice
 14627 | D:11     | Killed Maurice
 14747 | D:11     | Reached XP level 12. HP: 126/126 MP: 16/18
 15377 | D:11     | Found Numef's Magic Scroll Boutique.
 16249 | D:12     | Noticed a centaur warrior
 16261 | D:12     | Killed a centaur warrior
 16265 | D:12     | Received a gift from Okawaru
 16533 | D:12     | Noticed Rupert
 16540 | D:12     | Killed Rupert
 16655 | D:12     | Found a staircase to the Orcish Mines.
 16733 | D:10     | Reached skill level 10 in Invocations
 17429 | D:12     | Noticed a shock serpent
 17429 | D:12     | a fire crab changed into a shock serpent
 17441 | D:12     | Killed a shock serpent
 17441 | D:12     | Received a gift from Okawaru
 18187 | D:12     | Received a gift from Okawaru
 18475 | Lair:1   | Entered Level 1 of the Lair of Beasts
 18519 | Lair:1   | Received a gift from Okawaru
 18528 | Lair:1   | Noticed Grum
 18538 | Lair:1   | Killed Grum
 18750 | Lair:1   | Noticed a four-headed hydra
 18756 | Lair:1   | Killed a four-headed hydra
 18757 | Lair:1   | Reached skill level 10 in Armour
 18757 | Lair:1   | Reached XP level 13. HP: 89/133 MP: 18/20
 19158 | Lair:1   | Identified the +4 whip "Earthworm" {antimagic, rElec rN++}
 19416 | Lair:1   | Noticed Gastronok
 19677 | Lair:1   | Killed Gastronok
 19960 | Lair:1   | Found a broken altar of Ashenzari.
 20217 | Lair:1   | Identified a scroll of acquirement
 20217 | Lair:1   | Acquired 700 gold pieces
 21270 | Lair:2   | Received a gift from Okawaru
 21424 | Lair:2   | Paralysed by a hornet for 3 turns
 21662 | Lair:2   | Found a shimmering altar of Xom.
 21826 | Lair:2   | Reached ****** piety under Okawaru
 22613 | Lair:2   | Found a staircase to the Shoals.
 23003 | Lair:3   | Found a staircase to the Snake Pit.
 23708 | Lair:3   | Identified the +1 cloak of Mezcal {rPois rF+} (Okawaru
                  | gifted it to you on level 3 of the Lair of Beasts)
 23708 | Lair:3   | Received a gift from Okawaru
 24545 | Lair:4   | Reached XP level 14. HP: 149/149 MP: 21/21
 25069 | Lair:5   | Entered Level 5 of the Lair of Beasts
 25352 | Lair:5   | Found a staircase to the Slime Pits.
 26443 | Lair:5   | Received a gift from Okawaru
 27597 | Orc:1    | Entered Level 1 of the Orcish Mines
 27612 | Orc:1    | Identified the +5 lajatang "Hulk" {freeze, Drain Will++
                  | Dex+3} (Okawaru gifted it to you on level 1 of the Orcish
                  | Mines)
 27612 | Orc:1    | Received a gift from Okawaru
 27650 | Orc:1    | Noticed Jorgrun
 27670 | Orc:1    | Killed Jorgrun
 27760 | Orc:1    | Found a frozen archway.
 27774 | IceCv    | Entered an ice cave
 29577 | IceCv    | Noticed a reaper
 29584 | IceCv    | Killed a reaper
 30031 | Orc:2    | Entered Level 2 of the Orcish Mines
 30060 | Orc:2    | Found Waysex's Firing Range.
 30065 | Orc:2    | Bought 2 boomerangs for 12 gold pieces
 30065 | Orc:2    | Bought 6 large rocks for 50 gold pieces
 30065 | Orc:2    | Bought 4 large rocks for 33 gold pieces
 30420 | D:9      | Killed Steelrune's ghost
 30873 | Orc:2    | Found a staircase to the Elven Halls.
 31111 | Orc:2    | Reached XP level 15. HP: 145/163 MP: 22/22
 31180 | Orc:2    | Paralysed by an orc sorcerer for 3 turns
 31183 | Orc:2    | Received a gift from Okawaru
 31228 | Orc:2    | Noticed Snorg
 31234 | Orc:2    | Killed Snorg
 31355 | Orc:2    | Paralysed by something for 2 turns
 31539 | Orc:2    | Received a gift from Okawaru
 31784 | Orc:2    | Received a gift from Okawaru
 31784 | Orc:2    | Found the +10 tower shield of Ignorance {rN+ Int-4}
 31805 | Orc:2    | Found Gaupro's General Store.
 31806 | Orc:2    | Found Gopoh's Armour Boutique.
 31820 | Orc:2    | Found Anoneod's Jewellery Emporium.
 31829 | Orc:2    | Found Nutrouxt's Antique Armour Shop.
 31831 | Orc:2    | Paralysed by an ogre mage for 4 turns
 31954 | Orc:2    | Bought a scroll of enchant weapon for 127 gold pieces
 32204 | D:13     | Reached skill level 1 in Shields
 32406 | D:13     | Found a gate leading to a gauntlet.
 32416 | Gauntlet | Entered a Gauntlet
 32416 | Gauntlet | Found a transporter.
 32737 | Gauntlet | Found a transporter.
 32742 | Gauntlet | Found a runed translucent door.
 32744 | Gauntlet | Found a runed translucent door.
 32746 | Gauntlet | Found a transporter.
 32749 | Gauntlet | Found a transporter.
 32755 | Gauntlet | Found a runed translucent gate.
 32757 | Gauntlet | Found a transporter.
 32758 | Gauntlet | Found a runed translucent gate.
 32759 | Gauntlet | Found a runed translucent gate.
 32773 | Gauntlet | Found a transporter.
 32780 | Gauntlet | Found a transporter.
 32795 | Gauntlet | Found a transporter.
 32815 | Gauntlet | Found a transporter.
 32830 | Gauntlet | Found a transporter.
 32845 | Gauntlet | Found a transporter.
 32845 | Gauntlet | Found a transporter.
 32857 | Gauntlet | Found a transporter.
 33049 | Gauntlet | Identified the ring "Foarhapporgh" {rC+ Str+2 Int-4 Stlth+}
 33301 | D:13     | Reached skill level 15 in Fighting
 33761 | D:13     | Noticed Nessos
 33765 | D:13     | Killed Nessos
 33789 | D:13     | Noticed Azrael
 33809 | D:13     | Killed Azrael
 34377 | D:14     | Received a gift from Okawaru
 34787 | D:14     | Reached XP level 16. HP: 131/176 MP: 23/23
 34935 | D:14     | Found a gate to the Vaults.
 35278 | D:15     | Entered Level 15 of the Dungeon
 35293 | D:14     | Received a gift from Okawaru
 35516 | D:15     | Found a staircase to the Depths.
 35850 | D:15     | Received a gift from Okawaru
 35973 | D:15     | Found a bloodstained altar of Trog.
 35999 | D:15     | Reached skill level 5 in Shields
 36152 | D:15     | Found a white marble altar of Elyvilon.
 37027 | Snake:1  | Entered Level 1 of the Snake Pit
 37627 | Snake:1  | Received a gift from Okawaru
 37859 | Snake:1  | Received a gift from Okawaru
 38287 | Snake:1  | Found a large runed translucent door.
 38289 | Snake:1  | Found a large runed translucent door.
 38290 | Snake:1  | Noticed sargonster's ghost (journeyman HOBe)
 38315 | Snake:1  | Killed sargonster's ghost
 38912 | Snake:1  | Identified the +1 robe of Dowdy New Discoveries {-Cast rF+
                  | rC+ Dex+3 Stlth+} (Okawaru gifted it to you on level 1 of
                  | the Snake Pit)
 38912 | Snake:1  | Received a gift from Okawaru
 39135 | Snake:1  | Reached XP level 17. HP: 171/184 MP: 24/24
 39153 | Snake:1  | Reached skill level 15 in Throwing
 39769 | Snake:2  | HP: 9/184 [nagaraja/+1 whip of electrocution (18)]
 39769 | Snake:2  | Killed from afar by a nagaraja

Illustrated notes

Levels and vault maps discovered:
D:1:      dpeg_arrival_court, layout_basic, chequers_ecumenical_altar_island
D:2:      layout_rooms, grunt_ministairs_5, wad_floor_pattern_1,
          minmay_misc_feat_rows, corexii_hall_statues_x
D:3:      layout_basic, nicolae_qazlal_general_emergency, st_stairs_8,
          uniq_grinder, uniq_natasha
D:4:      minmay_skewed_foursquare, layout_rooms, serial_shops,
          nicolae_shop_statue_plus, minmay_fountain_box
D:5:      layout_cave_pods, chequers_temple_overflow_statue_of_worship,
          hangedman_decor_push, nrook_campfire,
          amcnicky_mini_rare_corridor_liquid, minmay_lizard_king
D:6:      black_bear_nest_1, layout_rooms, mainiacjoe_overflow_six_doors_small,
          roderic_serpentine_path, uniq_edmund
D:7:      layout_basic, nemelex_altar_shiori, lemuel_tele_altar,
          minmay_temple_entry_hall, enter_bailey_4, grunt_decor_one_mirror,
          serial_park_tiny_2, minmay_quadrilaterals, uniq_duvessa,
          uniq_crazy_yiuf_cottage, uniq_joseph
D:8:      cheibrodos_wizards_tower, layout_loops_cross,
          nicolae_uskayaw_suspiria, old_standard_altar, david_lair_generic,
          serial_glass, glass_columns_a, glass_columns_c
D:9:      minmay_cut_squares, layout_long_grid, serial_shops, shop,
          ebering_ghost_rock_garden, roderic_three_in_a_row
D:10:     layout_loops_cross
D:11:     layout_stronghold, serial_rivers, chequers_serial_rivers_room_a,
          chequers_serial_rivers_micro_d, chequers_serial_rivers_marsh,
          chequers_serial_rivers_small_3, chequers_serial_rivers_large_a,
          serial_shops, shop, uniq_maurice
D:12:     layout_roguey, orc_0_dummy, uniq_rupert
D:13:     layout_basic, gauntlet_entry_generic, uniq_azrael, uniq_nessos
D:14:     layout_irregular_city, lightli_vaults_fourway_checkpoint,
          hangedman_decor_riveting, eino_house_with_fridge
D:15:     grunt_enter_depths_hoard, layout_cave_pods, bloody_trog,
          elyvilon_altar_5
Temple:   jpeg_temple_clearing
Lair:1:   layout_layer_cave, basic_altar, uniq_gastronok, uniq_grum
Lair:2:   minmay_lair_venomous_thicket, layout_regular_city,
          elwin_shoals_entry_rooms, basic_altar, chequers_serial_rivers_micro_e
Lair:3:   layout_concentric_octagons, guppyfry_snake_entry_garden,
          lemuel_fruit_tree
Lair:4:   layout_long_grid
Lair:5:   guppyfry_lair_end_dragon, layout_small_grid,
          minmay_slime_entry_oklob_enclosed
Snake:1:  nicolae_snake_attic_fulla_snakes, layout_cave_shapes,
          ebering_ghost_disaster_area
Snake:2:  layout_grid_maze
Orc:1:    layout_diamond_mine, portal_ice_cave_entry_imps, uniq_jorgrun
Orc:2:    st_orc_open, layout_diamond_mine, lemuel_statue_altar,
          nicolae_shop_firing_range, uniq_snorg

Skill      XL: |  1  2  3  4  5  6  7  8  9 10 11 12 13 14 15 16 17 |
---------------+----------------------------------------------------+-----
Fighting       | 3 4 5 6 7 8 10 12 14 15 | 15.0
Dodging        | 3 |  3.0
Throwing       | 3 4 5 6 7 9 10 11 12 13 14 15 | 15.2
Polearms       | 4 5 7 8 9 10 11 12 13 14 | 14.0
Armour         | 2 4 6 10 11 12 13 | 13.9
Invocations    | 4 8 10 | 10.0
Shields        | 4 7 8 |  8.4

Action                   |  1- 3 |  4- 6 |  7- 9 | 10-12 | 13-15 | 16-18 || total
-------------------------+-------+-------+-------+-------+-------+-------++-------
Melee: Trident           |   135 |    83 |   336 |   713 |  1618 |   752 ||  3637
       Punch             |     3 |       |     8 |    14 |    12 |       ||    37
       Kick              |       |     8 |     2 |       |       |       ||    10
Throw: Large rock        |       |     1 |       |    60 |   108 |    47 ||   216
       Boomerang         |       |       |       |     3 |       |       ||     3
       Javelin           |       |       |       |     5 |     9 |       ||    14
Invok: Heroism           |       |       |       |     3 |     9 |     1 ||    13
       Finesse           |       |       |       |     2 |     7 |     1 ||    10
Evoke: Wand              |       |       |    16 |       |       |       ||    16
  Use: Potion            |       |     3 |     5 |     5 |     2 |     5 ||    20
       Scroll            |       |       |    20 |    10 |     7 |       ||    37
 Stab: Sleeping          |       |       |     1 |       |       |       ||     1
       Distracted        |       |       |       |       |     1 |       ||     1
Armor: Robe              |    40 |    19 |    49 |       |       |       ||   108
       Skin              |       |       |     2 |       |       |       ||     2
       Steam dragon scal |       |       |    38 |   204 |   306 |       ||   548
       Acid dragon scale |       |       |       |       |   248 |    23 ||   271
       Ice dragon scales |       |       |       |       |       |   150 ||   150
Dodge: Dodged            |    78 |    46 |   150 |   398 |   723 |   131 ||  1526
Block: Other             |       |       |    60 |   144 |   227 |       ||   431
       Reflection        |       |       |     2 |     8 |    21 |   100 ||   131
       Tower shield      |       |       |       |       |   376 |  1048 ||  1424
